 Dungeon Crawl Stone Soup version 0.29.1-1-gd02db6906a (webtiles) character file.

Game seed: 5707607616584531177

9487 MisterFreud the Spry (level 11, -5/72 (85) HPs)
             Began as a Felid Berserker on Oct 9, 2022.
             Was a High Priest of Trog.
             Killed from afar by Josephine (30 damage)
             ... with a ghostly fireball
             ... on level 4 of the Lair of Beasts.
             The game lasted 00:24:18 (19423 turns).

MisterFreud the Spry (Felid Berserker)             Turns: 19423, Time: 00:24:19

HP:   -5/72 (85)    AC:  3    Str: 13    XL:     11   Next: 23%
MP:   12/12         EV: 31    Int: 14    God:    Trog [*****.]
Gold: 629           SH:  0    Dex: 21    Spells: 10/10 levels left
                                        Lives: 0   Deaths: 2

rFire   . . .      SeeInvis +     - Unarmed
rCold   + . .      Faith    +   (shield unavailable)
rNeg    . . .      Spirit   .   (body armour unavailable)
rPois   .          Reflect  .   (helmet unavailable)
rElec   .          Harm     .   (cloak unavailable)
rCorr   .          Rampage  .   (gloves unavailable)
Will    +....                   (boots unavailable)
Stlth   ..........              x - amulet of faith
HPRegen 0.22/turn               f - +6 ring of intelligence
MPRegen 0.13/turn               u - ring of flight

@: berserking (expiring), flying, heavily drained, very quick
A: very small, claws 1, fangs 3, see invisible, speed 1, shaggy fur 3, stealthy
paws, no weapons or thrown items, no armour, multi-lived
a: Renounce Religion, Berserk, Trog's Hand, Brothers in Arms


You were on level 4 of the Lair of Beasts.
You worshipped Trog.
Trog was extremely pleased with you.
You visited 2 branches of the dungeon, and saw 16 of its levels.

You collected 729 gold pieces.
You spent 100 gold pieces at shops.

Inventory:

Jewellery
 f - a +6 ring of intelligence (left paw)
 t - an amulet of guardian spirit
 u - a ring of flight (right paw)
 x - an amulet of faith (around neck)
 z - an amulet of the acrobat
 A - an amulet of magic regeneration
 D - a +6 ring of strength
Wands
 i - a wand of charming (6)
 k - a wand of polymorph (9)
 m - a wand of roots (15)
 r - a wand of acid (4)
Scrolls
 d - 13 scrolls of teleportation
 g - 3 scrolls of blinking
 p - 2 scrolls of magic mapping
 y - a scroll of fog
 C - 2 scrolls of identify
Potions
 a - 5 potions of attraction
 b - 6 potions of curing
 c - 3 potions of flight
 e - a potion of resistance
 h - 6 potions of might
 j - 5 potions of heal wounds
 l - 3 potions of invisibility
 n - 2 potions of ambrosia
 o - a potion of haste
 s - 5 potions of mutation
 v - 2 potions of magic
 w - a potion of lignification
Miscellaneous
 q - a box of beasts (inert)
 B - a lightning rod (4/4)


   Skills:
 - Level 12.0 Fighting
 - Level 15.0 Dodging
 + Level 11.3 Stealth
 + Level 10.7 Unarmed Combat
 + Level 9.0 Evocations


You had 10 spell levels left.
You didn't know any spells.
Your spell library was empty.

Dungeon Overview and Level Annotations

Branches:
Dungeon (11/15)            Temple (0/1) D:7            Lair (5/5) D:9
 Shoals (0/4) Lair:2       Spider (0/4) Lair:2
  Slime: Lair:4-5       Orc: D:9-12

Altars:
Ashenzari
Dithmenos
Nemelex Xobeh
Okawaru
Uskayaw
Vehumet
Wu Jian
Yredelemnul
The Shining One

Shops:
D:4 =[*(

Annotations:
D:6 3 runed translucent doors, t4s4d4r's ghost, novice DsEE
D:10 1 runed translucent door, ToffieWolf's ghost, journeyman MiBe
Lair:4 Josephine


Innate Abilities, Weirdness & Mutations

You have sharp claws.
You have razor-sharp teeth.
You have supernaturally acute eyesight. (SInv)
You cover ground quickly. (Speed+)
Your thick and shaggy fur keeps you warm. (AC +3, rC+)
Your paws help you pounce on unaware monsters.
You are incapable of wielding weapons or throwing items.
You cannot wear armour.
You gain extra lives every three experience levels.


Message History

You swap places.
You swap places.
A wraith comes into view.
Your juvenile oxbat beast disappears in a puff of smoke!
A wraith is nearby!
A wraith is nearby!
Josephine the Decaying Necromancer comes into view.
She is wielding a +0 dagger. 3 wraiths come into view.
Josephine shouts!
A wraith comes into view.
A red film seems to cover your vision as you go berserk!
You feel yourself moving faster!
You feel mighty!
Josephine points at you and mumbles some strange words.
The ghostly flame explodes!
The ghostly fireball engulfs you!!!
You feel drained.
You feel a strong urge to attack something.
Josephine points at you and mumbles some strange words.
The ghostly flame explodes!
The ghostly fireball engulfs you!!
You feel drained.
The ghostly fireball engulfs the wraith.
The wraith completely resists.
The ghostly fireball engulfs Josephine.
Josephine completely resists.
The ghostly fireball engulfs the wraith.
The wraith completely resists.
The wraith barely misses you. The wraith completely misses you.
You claw Josephine! Your bite misses Josephine.
Josephine is lightly wounded.
You barely miss Josephine.
Josephine is lightly wounded.
Josephine closely misses you. The wraith completely misses you.
The wraith closely misses you.
Unknown command.
You scratch Josephine.
Josephine is lightly wounded.
You closely miss Josephine.
Josephine is lightly wounded.
Josephine casts a spell at you.
The ghostly flame explodes!
The ghostly fireball engulfs you!!
You feel drained.
You die...

..... . ......## .#
####......######.#
#..#...P......#..##
##.###.......#.....##
####.## #..P...........
..#..#####...#.W@W......
.....#..........@WW.....
.................W......
........................
.....##.#............#.#
.....####............# #
#....## #...........##
....<.# ##....#..P..#
..##.P# #....###P.##
.P##..####.....#...#


You could see Josephine and 5 wraiths.

Vanquished Creatures
  2 hydras
  Erolcha (D:10)
  Erica (D:10)
  A two-headed ogre (D:5)
  3 death yaks (D:9)
  Nergalle (Lair:2)
  An elephant (Lair:4)
  A black mamba (Lair:2)
  9 cane toads
  Psyche (D:10)
  Maggie (Lair:1)
  8 komodo dragons
  A rime drake (Lair:3)
  A meliai (Lair:2)
  4 trolls
  A hornet (D:8)
  3 polar bears
  3 blink frogs (Lair:2)
  A snapping turtle (Lair:2)
  A vampire (D:8)
  2 wyverns
  Grum (D:10)
  A basilisk (Lair:1)
  30 yaks
  2 steam dragons
  Edmund (D:4)
  12 water moccasins
  4 orc warriors (D:9)
  3 sky beasts
  2 black bears
  An ice beast (D:5)
  An ogre (D:5)
  10 wolves
  A centaur (D:9)
  2 phantoms (D:5)
  2 kobold brigands
  6 necrophages (D:5)
  6 bullfrogs
  2 scorpions (D:5)
  7 wights
  The ghost of MisterFreud the Covert, a weakling GnDe (D:5)
  3 killer bees (Lair:2)
  2 howler monkeys
  2 electric eels
  3 gnoll boudas
  4 hounds
  2 jellies
  5 orc priests
  5 iguanas
  Natasha (thrice) (D:3)
  6 orc wizards
  11 gnolls
  9 adders
  2 shadow imps
  2 worms
  2 dart slugs
  41 orcs
  3 endoplasms
  5 giant cockroaches
  9 goblins
  14 hobgoblins
  9 jackals (D:4)
  13 kobolds
  3 quokkas
  2 ball pythons (D:1)
  3 bats
  2 frilled lizards (D:2)
  4 rats
311 creatures vanquished.

Vanquished Creatures (collateral kills)
  An elephant (Lair:4)
  3 yaks (D:9)
  4 kobolds (D:9)
8 creatures vanquished.

Vanquished Creatures (others)
  10 fungi
  9 plants
19 creatures vanquished.

Grand Total: 338 creatures vanquished

Notes
Turn   | Place    | Note
-------+----------+-------------------------------------------
     0 | D:1      | MisterFreud the Felid Berserker began the quest for the
                  | Orb.
     0 | D:1      | Reached XP level 1. HP: 10/10 MP: 2/2
   101 | D:1      | Reached skill level 1 in Stealth
   421 | D:1      | Reached XP level 2. HP: 14/14 MP: 3/3
   584 | D:1      | Found a faded altar of an unknown god.
  1213 | D:2      | Reached XP level 3. HP: 17/17 MP: 4/4
  1406 | D:2      | Reached ** piety under Trog
  1949 | D:3      | Reached XP level 4. HP: 7/21 MP: 5/5
  2055 | D:3      | Noticed Natasha
  2065 | D:3      | Killed Natasha
  2297 | D:3      | Noticed Natasha
  2470 | D:3      | Killed Natasha
  2802 | D:3      | Noticed Natasha
  2813 | D:3      | Killed Natasha
  2814 | D:3      | Reached XP level 5. HP: 24/24 MP: 6/6
  3331 | D:4      | Reached skill level 5 in Stealth
  3666 | D:4      | Noticed a +0 dagger
  3671 | D:4      | Found a hide-covered altar of Uskayaw.
  3671 | D:4      | Noticed a +0 dagger
  3671 | D:4      | Noticed a +0 spear
  3672 | D:4      | Noticed a +0 short sword
  3673 | D:4      | Noticed a +0 spear
  3685 | D:4      | Noticed a +0 falchion
  3689 | D:4      | Noticed a +0 falchion
  3689 | D:4      | Noticed a +0 short sword
  3850 | D:4      | Reached skill level 5 in Unarmed Combat
  3995 | D:4      | Found Dimixih's General Store.
  4006 | D:4      | Bought a potion of haste for 100 gold pieces
  4012 | D:4      | Found Leusareu's Antique Armour Emporium.
  4049 | D:4      | Gained mutation: You are covered in thick fur. (AC +2)
                  | [Felid growth]
  4049 | D:4      | Reached XP level 6. HP: 27/28 MP: 7/7
  4051 | D:4      | Noticed Edmund
  4064 | D:4      | Killed Edmund
  4408 | D:4      | Found Xiteuvy's Jewellery Shoppe.
  4494 | D:4      | Found Qyeceg's Antique Weapon Shoppe.
  5028 | D:4      | Reached skill level 5 in Dodging
  5412 | D:5      | Entered Level 5 of the Dungeon
  5537 | D:5      | Reached XP level 7. HP: 23/31 MP: 8/8
  5694 | D:5      | Reached skill level 6 in Dodging
  6071 | D:5      | Reached skill level 7 in Dodging
  6307 | D:5      | Found a runed translucent door.
  6318 | D:5      | Noticed MisterFreud's ghost (weakling GnDe)
  6410 | D:5      | Reached skill level 8 in Dodging
  6821 | D:5      | Reached skill level 9 in Dodging
  6821 | D:5      | Reached XP level 8. HP: 22/34 MP: 9/9
  7179 | D:5      | Reached skill level 10 in Dodging
  7431 | D:5      | Reached skill level 5 in Fighting
  7679 | D:5      | Reached *** piety under Trog
  7712 | D:5      | Noticed a troll
  7714 | D:5      | Noticed a two-headed ogre
  7726 | D:5      | Killed a two-headed ogre
  7727 | D:5      | Reached XP level 9. HP: 41/41 MP: 10/10
  7733 | D:5      | Killed a troll
  7951 | D:5      | Killed MisterFreud's ghost
  8007 | D:6      | Found a runed translucent gate.
  8007 | D:6      | Found a runed translucent gate.
  8007 | D:6      | Found a runed translucent gate.
  8038 | D:6      | Reached skill level 1 in Evocations
  8155 | D:6      | Found an ornate altar of the Wu Jian Council.
  8155 | D:6      | Found an iron altar of Okawaru.
  9088 | D:6      | Noticed t4s4d4r's ghost (novice DsEE)
  9091 | D:6      | Identified the +13 plate armour "Woumug" {rN+ Will+}
 10140 | D:7      | Found a staircase to the Ecumenical Temple.
 10222 | D:7      | Reached skill level 10 in Stealth
 10623 | D:7      | Found a sparkling altar of Nemelex Xobeh.
 10762 | D:8      | Identified the +3 chain mail of Zampeyc {rC++ Int-3}
 10789 | D:8      | You fall into a shaft and drop 3 floors!
 10795 | D:10     | Entered Level 10 of the Dungeon
 10796 | D:10     | Noticed Erica
 10812 | D:10     | Killed Erica
 10813 | D:10     | Reached XP level 10. HP: 47/47 MP: 11/11
 10913 | D:10     | Noticed Erolcha
 10923 | D:10     | Killed Erolcha
 10985 | D:10     | Noticed Grum
 10994 | D:10     | Found a glowing golden altar of the Shining One.
 10995 | D:10     | Found a broken altar of Ashenzari.
 10995 | D:10     | Found a shadowy altar of Dithmenos.
 10996 | D:10     | Found a basalt altar of Yredelemnul.
 11112 | D:9      | Reached skill level 5 in Evocations
 11343 | D:9      | Found a radiant altar of Vehumet.
 12520 | D:9      | Reached skill level 10 in Unarmed Combat
 12663 | D:9      | Noticed a death yak
 12664 | D:9      | Found a staircase to the Lair.
 12665 | D:9      | Noticed a death yak
 12665 | D:9      | Noticed a death yak
 12668 | D:9      | Killed a death yak
 12669 | D:9      | Reached XP level 11. HP: 50/51 MP: 12/12
 12747 | D:9      | Reached **** piety under Trog
 13505 | D:9      | Reached skill level 11 in Dodging
 13516 | D:9      | Killed a death yak
 13520 | D:9      | Killed a death yak
 13521 | D:9      | Reached skill level 12 in Dodging
 14221 | D:10     | Reached skill level 13 in Dodging
 14574 | D:10     | Killed Grum
 14821 | D:10     | Found a runed translucent door.
 14825 | D:10     | Noticed ToffieWolf's ghost (journeyman MiBe)
 14888 | D:10     | Reached skill level 14 in Dodging
 15028 | D:10     | Noticed Psyche
 15035 | D:10     | Killed Psyche
 15484 | D:11     | Noticed a boulder beetle
 15565 | Lair:1   | Entered Level 1 of the Lair of Beasts
 16112 | Lair:1   | Noticed Maggie
 16118 | Lair:1   | Killed Maggie
 16119 | Lair:1   | Reached skill level 15 in Dodging
 16391 | Lair:1   | Gained mutation: Your thick and shaggy fur keeps you warm.
                  | (AC +3, rC+) [Felid growth]
 16391 | Lair:1   | Reached XP level 12. HP: 57/57 MP: 13/13
 17034 | Lair:2   | Reached skill level 10 in Fighting
 17034 | Lair:2   | HP: 3/87 [polar bear (17)]
 17036 | Lair:2   | HP: 1/87 [poisoned by a cane toad]
 17037 | Lair:2   | Succumbed to a cane toad's poison
 17038 | Lair:2   | Reached XP level 11. HP: 0/81 MP: 12/12
 17143 | Lair:2   | Reached ***** piety under Trog
 17439 | Lair:2   | Noticed Nergalle
 17461 | Lair:2   | Killed Nergalle
 17782 | Lair:2   | Found a hole to the Spider Nest.
 18178 | Lair:2   | Found a staircase to the Shoals.
 18455 | Lair:3   | Noticed a six-headed hydra
 18466 | Lair:3   | Killed a six-headed hydra
 18856 | Lair:3   | Reached XP level 12. HP: 61/61 MP: 13/13
 18996 | Lair:3   | Identified the +5 whip of Equivalence {vorpal, Will- Str+2
                  | Dex+3}
 19195 | Lair:4   | You are sucked into a shaft and drop 1 floor!
 19195 | Lair:5   | Entered Level 5 of the Lair of Beasts
 19201 | Lair:4   | Noticed a seven-headed hydra
 19207 | Lair:4   | Killed a seven-headed hydra
 19264 | Lair:4   | Noticed an eight-headed hydra
 19285 | Lair:4   | Slain by an eight-headed hydra
 19286 | Lair:4   | Reached XP level 11. HP: -3/85 MP: 12/12
 19413 | Lair:4   | Noticed Josephine
 19423 | Lair:4   | Killed from afar by Josephine

Illustrated notes

Levels and vault maps discovered:
D:1:      reono_arrival_mine, layout_basic,
          shapermc_ecumenical_altar_starsandcircs, minivault_11
D:2:      layout_basic, minmay_crystal_water
D:3:      layout_basic, uniq_natasha
D:4:      cheibrodos_greedy_goblins, layout_loops_ring,
          nicolae_uskayaw_en_pointe, serial_shops, shop,
          nicolae_shop_statue_plus, nicolae_stop_n_shop_2, kennysheep_mini,
          uniq_edmund
D:5:      kennysheep_windowed_halls, layout_basic,
          ebering_ghost_reflecting_pool, grunt_ministairs_4
D:6:      layout_basic, gammafunk_temple_overflow_elements,
          biasface_ghost_orc_armoury
D:7:      layout_rooms, nemelex_spade_bored_becter, minmay_temple_entry_glass
D:8:      layout_rooms
D:9:      layout_stronghold, lemuel_round_altar, dpeg_lair_monsters,
          dk_noncrumbling_3, minmay_misc_feat_tower, minmay_fractal_squares_5
D:10:     layout_basic, chequers_temple_overflow_statue_of_worship,
          ebering_ghost_reflecting_pool, hex_medium, uniq_erica, uniq_erolcha,
          uniq_grum, uniq_psyche
D:11:     layout_loops_ring, dreamdust_gnoll_shepherd
Lair:1:   layout_regular_city, uniq_maggie
Lair:2:   layout_regular_city, minmay_shoals_entry_hut,
          hellmonk_spider_entry_not_the_bees, grunt_megastairs_2, uniq_nergalle
Lair:3:   layout_loops_ring, grunt_megastairs_5
Lair:4:   layout_layer_cave, nicolae_slime_entry_slimehenge, lemuel_fruit_tree,
          infiniplex_staircase_pool, serial_bayou_shore_a, uniq_josephine
Lair:5:   cheibrodos_lair_end_hotspot, layout_gridlike,
          portal_ice_cave_entry_animals_and_master

Skill      XL: |  1  2  3  4  5  6  7  8  9 10 11 12 |
---------------+-------------------------------------+-----
Stealth        | 1 2 3 4 5 6 8 10 11 | 11.3
Unarmed Combat | 4 5 6 7 8 10 | 10.7
Dodging        | 5 9 10 15 | 15.0
Fighting       | 6 7 8 12 10 | 12.0
Evocations     | 4 7 8 9 |  9.0

Action                   |  1- 3 |  4- 6 |  7- 9 | 10-12 || total
-------------------------+-------+-------+-------+-------++-------
Melee: Unarmed           |    81 |   144 |   337 |   636 ||  1198
       Bite              |     6 |    15 |    44 |    84 ||   149
       Punch             |     1 |     4 |    14 |    44 ||    63
Invok: Berserk           |     1 |     5 |    10 |    17 ||    33
       Trog's Hand       |     2 |       |     2 |     5 ||     9
Evoke: Box of beasts     |       |       |       |     2 ||     2
  Use: Scroll            |     8 |     3 |     9 |     4 ||    24
       Potion            |       |       |       |     1 ||     1
 Stab: Sleeping          |     6 |     7 |     4 |    36 ||    53
       Distracted        |       |       |     1 |     3 ||     4
Armor: Skin              |     1 |     8 |     9 |    11 ||    29
Dodge: Dodged            |    58 |   102 |   294 |   598 ||  1052
